 Dungeon Crawl Stone Soup version 0.28.0-45-g0d030f2227 (webtiles) character file.

Game seed: 13192063013551241744

66 Fartwhistle the Changer (level 4, -1/38 HPs)
             Began as a Naga Transmuter on Apr 16, 2022.
             Slain by a worm (7 damage)
             ... on level 2 of the Dungeon.
             The game lasted 00:10:12 (2776 turns).

Fartwhistle the Changer (Naga Transmuter)           Turns: 2776, Time: 00:10:12

Health: -1/38      AC:  3    Str: 13    XL:     4   Next: 15%
Magic:  7/7        EV:  9    Int: 15    God:
Gold:   80         SH:  0    Dex: 11    Spells: 3/7 levels left

rFire   . . .      SeeInvis +     - Unarmed
rCold   . . .      Faith    .   (no shield)
rNeg    . . .      Spirit   .   a - +0 robe
rPois   +          Reflect  .   (no helmet)
rElec   .          Harm     .   (no cloak)
rCorr   .          Rampage  .   b - +0 pair of gloves
Will    .....                   (no barding)
Stlth   +.........              (no amulet)
HPRegen 0.12/turn               (no ring)
MPRegen 0.10/turn               (no ring)

@: very slow
A: AC +1, large, see invisible, deformed body, poison resistance, slowness 2,
spit poison 1, naga tail 1
a: Spit Poison


You were on level 2 of the Dungeon.
You visited 1 branch of the dungeon, and saw 2 of its levels.

You collected 80 gold pieces.

Inventory:

Armour
 a - a +0 robe (worn)
 b - a +0 pair of gloves (worn)
Potions
 c - a potion of heal wounds {unknown}
 d - a potion of flight {unknown}
 e - 2 potions of might {unknown}


   Skills:
 + Level 1.4 Fighting
 - Level 1.5 Dodging
 - Level 3.0 Unarmed Combat
 + Level 2.2 Spellcasting
 + Level 3.7 Transmutations
 + Level 1.3 Poison Magic


You had 3 spell levels left.
You knew the following spells:

 Your Spells              Type           Power      Damage    Failure   Level
a - Beastly Appendage     Tmut           24%        N/A       4%          1
b - Spider Form           Tmut/Pois      9%         N/A       22%         3

Your spell library contained the following spells:

 Spells                   Type           Power      Damage    Failure   Level
 Wereblood                Tmut           12%        N/A       7%          2
 Ice Form                 Ice/Tmut       7%         N/A       69%         4


Dungeon Overview and Level Annotations

Branches:
Dungeon (2/15)

Altars:

Annotations:
D:2 Robin


Innate Abilities, Weirdness & Mutations

Your serpentine skin is tough. (AC +1)
You have supernaturally acute eyesight. (SInv)
Armour fits poorly on your strangely shaped body.
Your system is resistant to poisons. (rPois)
You cover ground very slowly.
You can spit poison.
You have a snake-like lower body.


Message History

Aiming: Spit Poison (1% risk of failure)
Press: ? - help, Shift-Dir - straight line, f/p - worm
Aim: a worm (86% to hit)
The splash of poison hits the adder!
The adder is poisoned.
You kill the adder!
Your horns disappear.
You hit the worm.
The worm is lightly wounded.
Casting: Beastly Appendage (safe; 4% risk of failure)
Confirm with . or Enter, or press ? or * to list all spells.
You grow a pair of large bovine horns.
The worm bites you!
You barely miss the worm.
The worm is lightly wounded.
The worm bites you!
* * * LOW HITPOINT WARNING * * *
You hit the worm. You headbutt the worm.
The worm is heavily wounded.
You barely miss the worm.
The worm is heavily wounded.
The worm bites you!
* * * LOW HITPOINT WARNING * * *
You have got your breath back.
Things that are here:
a +0 club; a goblin skeleton
Aiming: Spit Poison (1% risk of failure)
Press: ? - help, Shift-Dir - straight line, f/p - worm
Aim: a worm (heavily wounded, 86% to hit)
The splash of poison hits the worm.
The worm is heavily wounded.
You have got your breath back.
Things that are here:
a +0 club; a hobgoblin corpse Your transformation is almost over.
There is a stone staircase leading down here.
There is a stone staircase leading up here.
Your horns disappear.
The worm bites you.
* * * LOW HITPOINT WARNING * * *
The worm bites you!
You die...

######## #......#
#......#
##########......###
##...#...##........##
##...@.....#...(..#...
#...w.......##)######<
#..............## ##
#...>...........#
#####...).....##.#.###
...###<..#.)†#...#...####
...[#######...#####.....
#..^....#...### ######
#.##...#).#


You could see a worm.

Vanquished Creatures
  2 adders
  An adder skeleton (D:2)
  2 dart slugs (D:1)
  3 bats
  5 endoplasms
  2 giant cockroaches (D:1)
  3 goblins (D:2)
  6 hobgoblins
  4 quokkas (D:1)
  2 ball pythons (D:1)
  3 frilled lizards
  4 kobolds
  A rat (D:2)
38 creatures vanquished.

Notes
Turn   | Place    | Note
-------+----------+-------------------------------------------
     0 | D:1      | Fartwhistle the Naga Transmuter began the quest for the
                  | Orb.
     0 | D:1      | Reached XP level 1. HP: 18/18 MP: 3/3
   379 | D:1      | Reached XP level 2. HP: 8/25 MP: 0/5
   625 | D:1      | Found a faded altar of an unknown god.
  1279 | D:1      | Reached XP level 3. HP: 31/31 MP: 6/6
  1290 | D:1      | Learned a level 3 spell: Spider Form
  2134 | D:2      | Reached skill level 1 in Poison Magic
  2434 | D:2      | Noticed Robin
  2702 | D:2      | Reached XP level 4. HP: 34/38 MP: 5/7
  2776 | D:2      | Slain by a worm

Illustrated notes

Levels and vault maps discovered:
D:1:      evilmike_arrival_crescent, layout_loops_ring,
          ebering_ecumenical_altar_webs, serial_bayou_pond_e
D:2:      layout_rooms, minmay_tall_x, uniq_robin

Skill      XL: |  1  2  3 |
---------------+----------+-----
Transmutations | 3 |  3.7
Poison Magic   | 1 |  1.3
Fighting       | |  1.4
Dodging        | |  1.5
Unarmed Combat | |  3.0
Spellcasting   | |  2.2

Action                   |  1- 3 |  4- 6 || total
-------------------------+-------+-------++-------
Melee: Unarmed           |    98 |     9 ||   107
       Headbutt          |    10 |     1 ||    11
       Punch             |     3 |     1 ||     4
 Cast: Beastly Appendage |    16 |     2 ||    18
 Abil: Spit Poison       |    32 |     3 ||    35
  Use: Potion            |     1 |       ||     1
Armor: Robe              |    39 |     2 ||    41
Dodge: Dodged            |    58 |     1 ||    59
